Map: [ESL] Data-C

Players

ByuN - Winner!

  • Race: Terran Terran
  • Spawn Location: 3:00

LiquidElazer (Elazer)

  • Race: Zerg Zerg
  • Spawn Location: 9:00

Event: HomeStory Cup XXII

VOD

Have the link to the VOD?

Description

Time

  • Played on: Dec. 16, 2022, 4:37 p.m.
  • Length: 17:13

All games in this series

Show
View Real Time Build Order
Export as new Build Order

ByuN Terran - Winner!

Build Orders: Command Center First (CC) 

Get SALT Encoding   

  12  0:00  SCV  
  13  0:12  SCV  
  14  0:16  Supply Depot  
  14  0:24  SCV  
  15  0:38  SCV  
  16  0:50  SCV  
  17  0:59  Command Center  
  17  1:02  SCV  
  18  1:12  Barracks  
  18  1:16  SCV  
  19  1:21  Refinery  
  19  1:28  SCV  
  19  1:30  Refinery  
  20  1:40  SCV  
  20  1:44  Barracks  
  21  1:52  SCV  
  22  2:01  Barracks Reactor  
  22  2:04  Orbital Command  
  22  2:13  Orbital Command  
  23  2:30  SCV, Barracks Tech Lab  
  23  2:35  Factory  
  23  2:38  Marine x2  
  23  2:40  SCV  
  23  2:42  SCV  
  27  2:49  Marine  
  28  2:53  SCV  
  28  2:54  SCV  
  28  2:56  Stimpack, Marine x2  
  32  3:01  Supply Depot  
  32  3:05  SCV  
  33  3:06  SCV  
  33  3:07  Marine  
  35  3:13  Marine  
  35  3:14  Marine  
  35  3:17  SCV  
  38  3:22  Starport  
  38  3:23  SCV, Factory Reactor  
  38  3:25  Supply Depot  
  39  3:28  Marine  
  39  3:30  SCV  
  39  3:32  Marine  
  39  3:33  Marine  
  43  3:36  SCV  
  44  3:42  SCV  
  44  3:43  Supply Depot  
  44  3:47  Marine  
  46  3:48  SCV  
  46  3:50  Marine  
  46  3:51  Marine  
  46  3:54  SCV  
  50  4:00  SCV  
  51  4:06  Supply Depot, SCV, Medivac  
  51  4:07  Factory Tech Lab  
  51  4:08  Medivac  
  51  4:09  Marine  
  57  4:10  Marine x2  
  57  4:12  SCV  
  60  4:18  SCV  
  60  4:23  Supply Depot  
  61  4:26  Marine  
  61  4:28  Siege Tank, Marine x2  
  67  4:35  Supply Depot  
  67  4:40  Barracks  
  67  4:46  Combat Shield, Marine x2  
  67  4:47  Marine  
  67  4:51  SCV  
  71  4:53  SCV  
  71  4:57  Command Center  
  72  5:04  SCV, Marine x3  
  72  5:05  SCV  
  77  5:09  Siege Tank  
  78  5:19  Supply Depot  
  78  5:22  Marine x3  
  78  5:27  Medivac  
  78  5:28  Marine x2  
  84  5:30  Refinery  
  84  5:32  Refinery  
  86  5:40  SCV  
  86  5:41  SCV, Marine x3  
  90  5:43  Supply Depot  
  90  5:45  Engineering Bay  
  90  5:49  Engineering Bay  
  90  5:51  Siege Tank  
  90  5:53  Marine  
  94  5:59  Starport Reactor  
  94  6:04  Marine x2  
  94  6:07  Barracks  
  94  6:08  Barracks  
  94  6:09  SCV x2  
  98  6:13  Orbital Command  
  98  6:18  Marine x2  
  98  6:19  Marine  
  98  6:25  Marine  
  102  6:29  Siege Tank  
  102  6:31  Marine  
  106  6:36  Marine x3  
  106  6:38  SCV x2  
  110  6:42  Marine  
  110  6:46  SCV  
  106  6:49  Marine, Orbital Command  
  106  6:50  SCV x2  
  93  6:54  Marine x3  
  93  7:00  Marine  
  93  7:01  Barracks Reactor  
  95  7:02  Barracks Reactor  
  95  7:03  Siege Tank  
  95  7:05  SCV x2  
  95  7:06  Terran Infantry Weapons Level 1  
  95  7:07  Marine  
  101  7:10  Terran Infantry Armor Level 1  
  101  7:17  SCV x2  
  101  7:20  SCV  
  101  7:21  Marine x4  
  108  7:25  Medivac, Marine  
  108  7:28  Medivac  
  113  7:33  Supply Depot  
  113  7:34  Supply Depot  
  113  7:35  SCV x2  
  113  7:36  Armory  
  115  7:37  SCV  
  115  7:42  Marine  
  117  7:55  Marine x7  
  117  7:56  Marine  
  123  8:00  Marine  
  123  8:04  Siege Tank  
  127  8:09  SCV x3  
  130  8:13  Marine x4  
  130  8:15  Marine  
  133  8:21  Supply Depot  
  133  8:24  Supply Depot  
  133  8:26  Marine  
  133  8:27  Marine x2  
  133  8:28  Marine  
  133  8:32  Marine  
  133  8:36  Marine  
  133  8:37  Marine x2  
  133  8:42  Marine  
  133  8:43  Medivac x2, Marine  
  133  8:45  Barracks  
  133  8:46  Supply Depot, Barracks  
  133  8:47  Marine x3  
  133  8:48  Barracks  
  142  8:50  Supply Depot  
  142  8:52  Terran Vehicle Weapons Level 1  
  142  8:53  SCV x3  
  142  8:54  Supply Depot  
  143  8:55  Siege Tank  
  143  8:56  Marine  
  143  8:57  Marine x3  
  143  9:00  Marine  
  151  9:06  Marine x3  
  151  9:07  Marine  
  155  9:13  Medivac x2  
  155  9:14  Marine x2  
  155  9:15  Marine x2  
  163  9:27  Marine x2  
  163  9:28  Siege Tank  
  163  9:30  Marine  
  155  9:31  Marine x2  
  155  9:35  Terran Infantry Armor Level 2  
  155  9:36  Marine x2  
  155  9:38  Marine  
  154  9:39  Marine x2  
  154  9:40  Marine  
  154  9:42  Marine  
  154  9:43  Medivac x2  
  154  9:45  Marine  
  162  9:53  Marine x2  
  162  9:54  Marine x2  
  162  9:56  Marine  
  166  10:00  Siege Tank  
  166  10:06  Marine  
  157  10:12  Marine x5  
  157  10:13  Marine x4  
  159  10:15  Terran Infantry Weapons Level 2  
  159  10:18  Command Center  
  159  10:23  Marine  
  159  10:25  Supply Depot  
  159  10:27  Marine  
  161  10:30  Liberator x2, Marine x4  
  170  10:36  Barracks Tech Lab x3  
  170  10:46  SCV  
  171  10:50  Marine x2  
  171  10:51  Marine x2  
  171  10:52  Marine x4  
  171  10:54  Widow Mine  
  171  10:55  Widow Mine, Marauder x2  
  187  10:58  Marauder  
  188  11:08  Supply Depot x2  
  188  11:10  Supply Depot  
  169  11:22  Marauder x2  
  169  11:23  Marine x5  
  169  11:24  Medivac  
  173  11:30  Marine  
  173  11:31  Marine  
  175  11:34  Marauder  
  175  11:35  Marauder  
  177  11:41  Marine x5  
  177  11:46  Marauder x2  
  186  11:48  Marine  
  186  11:49  Marauder  
  189  11:55  Marine x2  
  189  11:58  Terran Infantry Armor Level 3  
  189  11:59  Medivac x2  
  195  12:01  Missile Turret  
  195  12:04  Widow Mine  
  195  12:08  Concussive Shells, Marauder  
  168  12:17  Marine x2  
  168  12:21  Marine  
  168  12:22  Marine x3  
  160  12:25  Marauder  
  160  12:26  Marine x2  
  160  12:27  Widow Mine  
  160  12:28  Widow Mine  
  160  12:29  Medivac x2  
  162  12:33  Marine x2  
  162  12:41  Marine  
  163  12:44  Marine x2  
  163  12:50  Widow Mine x2  
  165  12:59  Terran Infantry Weapons Level 3, Medivac x2  
  165  13:01  Marine x5  
  165  13:03  Orbital Command  
  166  13:10  Marauder x3  
  166  13:12  Widow Mine  
  173  13:18  Marine x2  
  173  13:20  Widow Mine, Marine  
  173  13:21  Marine  
  173  13:23  Marine x2  
  173  13:24  Marine  
  180  13:30  Marine  
  180  13:31  Medivac  
  180  13:33  Widow Mine  
  185  13:38  Marine x2  
  185  13:39  Marine x2  
  184  13:42  Widow Mine, Marauder  
  184  13:43  Marauder, Marine  
  191  13:55  Widow Mine, Marauder x3  
  199  13:56  Marine  
  199  14:02  Command Center  
  200  14:12  Marauder x2, Marine x2  
  200  14:14  Widow Mine  
  179  14:27  Marine  
  174  14:31  Medivac  
  174  14:38  Marauder x2  
  156  14:39  Marauder x2  
  156  14:40  Marine  
  156  14:41  Marine x5  
  156  14:43  Widow Mine x2  
  170  14:57  Marine  
  170  14:58  Marine x2  
  170  14:59  Medivac  
  164  15:01  Medivac  
  164  15:03  Marine  
  164  15:05  Widow Mine x2, Marine x2  
  173  15:09  Marauder x2  
  173  15:12  Marauder x2  
  181  15:15  Marine x2  
  181  15:16  Marine  
  181  15:18  Marine  
  183  15:21  Marine  
  183  15:23  Marine  
  183  15:26  Widow Mine x2  
  183  15:28  Marine  
  168  15:30  Marine x2  
  168  15:33  Marine x2  
  168  15:34  Marine x2  
  172  15:42  Marine x4  
  166  15:52  Marauder x3, Marine  
  166  15:54  Marine  
  174  16:02  Marine x2  
  174  16:07  Medivac x2, Marine  
  179  16:15  Planetary Fortress  
  179  16:22  Marauder, Marine  
  178  16:37  Medivac x2  
  174  16:40  Marauder x2, Marine x2  
  174  16:41  Widow Mine x2  
  174  16:42  Marine x2  
  174  16:45  Marauder x2, Marine x2  
  174  16:46  Marine  
Show
View Real Time Build Order
Export as new Build Order

LiquidElazer Zerg 

Build Orders: Hatch First 

Get SALT Encoding   

  12  0:00  Drone  
  13  0:12  Overlord  
  13  0:17  Drone  
  14  0:30  Drone x2  
  16  0:48  Hatchery  
  15  0:51  Drone  
  15  0:54  Drone  
  17  0:58  Drone  
  18  1:09  Extractor  
  17  1:13  Spawning Pool  
  17  1:16  Drone  
  17  1:20  Drone  
  18  1:28  Drone  
  19  1:38  Drone  
  20  1:49  Drone  
  21  2:00  Queen x2  
  25  2:08  Drone  
  25  2:10  Drone  
  25  2:11  Overlord  
  25  2:12  Drone  
  25  2:15  Metabolic Boost  
  28  2:30  Drone  
  28  2:31  Hatchery  
  28  2:32  Drone  
  28  2:35  Drone  
  28  2:36  Drone  
  31  2:43  Queen  
  33  2:48  Overlord  
  33  2:51  Drone  
  34  2:53  Drone  
  34  2:56  Drone  
  36  3:05  Overlord  
  36  3:06  Drone  
  36  3:08  Drone x3  
  40  3:12  Queen  
  40  3:18  Queen  
  44  3:23  Drone  
  45  3:27  Zergling x2  
  45  3:28  Drone x2  
  48  3:40  Drone x4  
  52  3:45  Queen, Drone  
  52  3:47  Overlord  
  55  3:49  Queen  
  55  3:54  Drone, Overlord  
  58  4:04  Queen  
  58  4:08  Drone x6  
  66  4:16  Zergling x8  
  70  4:21  Overlord  
  70  4:23  Baneling Nest  
  69  4:24  Queen  
  69  4:26  Zergling x6  
  69  4:29  Overlord  
  74  4:34  Overlord  
  74  4:38  Queen  
  74  4:41  Drone x3  
  74  4:43  Drone  
  79  4:46  Zergling x4  
  79  4:49  Zergling x4  
  79  4:52  Zergling x4  
  85  4:56  Zergling x2  
  85  4:57  Zergling x6  
  89  5:03  Queen  
  89  5:04  Queen  
  89  5:06  Overlord  
  94  5:07  Zergling x6, Hatchery  
  93  5:14  Overlord  
  93  5:15  Queen  
  95  5:23  Drone x2  
  95  5:24  Drone  
  95  5:25  Extractor  
  95  5:26  Drone x3, Evolution Chamber  
  95  5:27  Evolution Chamber  
  97  5:36  Zergling x18  
  97  5:42  Lair  
  106  5:44  Queen  
  106  5:45  Overlord  
  106  5:47  Drone  
  106  5:48  Extractor  
  108  5:50  Drone x3  
  108  5:51  Queen  
  108  5:55  Zerg Ground Armor Level 1  
  108  5:56  Zerg Melee Weapons Level 1  
  113  6:05  Zergling x10  
  117  6:16  Zergling x2  
  117  6:17  Zergling x6  
  121  6:23  Baneling x8  
  121  6:25  Zergling x2  
  121  6:26  Zergling x10  
  127  6:33  Overlord  
  104  6:49  Zergling x28  
  104  6:53  Zergling x2  
  97  6:56  Zergling x2  
  97  6:58  Queen x3, Centrifugal Hooks  
  97  6:59  Queen  
  97  7:01  Zergling x8  
  108  7:07  Zergling x6  
  111  7:18  Zergling x14  
  118  7:23  Overlord  
  118  7:31  Zergling x12  
  118  7:34  Pneumatized Carapace  
  118  7:35  Burrow  
  124  7:41  Baneling x9  
  124  7:43  Zergling x14  
  130  7:52  Drone x9  
  130  7:55  Drone  
  130  7:56  Zerg Melee Weapons Level 2  
  140  8:00  Overlord  
  140  8:06  Drone x3  
  140  8:12  Overlord  
  143  8:13  Drone, Extractor  
  141  8:28  Hatchery  
  141  8:33  Zergling x28  
  150  8:39  Zergling x8  
  144  8:42  Baneling x12  
  144  8:47  Zergling x8  
  148  8:56  Zergling x22  
  148  9:01  Overlord  
  148  9:02  Overlord  
  157  9:10  Zergling x4  
  157  9:15  Zergling x2  
  157  9:16  Zergling x2  
  159  9:17  Overlord x3  
  155  9:27  Zergling x26  
  161  9:38  Zergling x8  
  160  9:43  Baneling x15  
  160  9:44  Hatchery  
  159  9:46  Zergling x12  
  164  9:57  Baneling x4  
  156  10:02  Zergling x30  
  156  10:05  Zergling x2  
  156  10:12  Baneling  
  156  10:14  Zergling x14  
  162  10:23  Overseer  
  162  10:26  Zergling x2  
  162  10:27  Zergling x14  
  170  10:30  Drone  
  170  10:31  Spore Crawler, Hatchery  
  169  10:39  Drone  
  169  10:40  Drone  
  171  10:43  Spore Crawler  
  171  10:49  Zergling x4  
  177  10:50  Zergling x28  
  177  10:53  Hatchery  
  177  10:54  Baneling x7  
  178  11:03  Zergling x2  
  178  11:04  Zergling x12  
  185  11:06  Zerg Ground Armor Level 2  
  185  11:07  Zerg Missile Weapons Level 1  
  185  11:09  Infestation Pit  
  184  11:12  Zergling x10  
  184  11:17  Zergling x18  
  180  11:22  Zergling x6  
  178  11:30  Drone  
  178  11:31  Drone x2  
  173  11:33  Overseer  
  173  11:37  Drone x2  
  173  11:38  Hatchery  
  173  11:39  Baneling x13  
  169  11:41  Baneling x10  
  169  11:42  Spore Crawler  
  169  11:44  Zergling x2  
  169  11:45  Zergling x12  
  175  11:51  Baneling x5  
  175  11:52  Zergling x6, Baneling x11  
  161  12:21  Zergling x30  
  155  12:31  Drone  
  152  12:41  Baneling x12  
  152  12:44  Zergling x18  
  160  12:46  Baneling  
  153  12:59  Zergling x12  
  153  13:04  Drone x8  
  167  13:06  Hive  
  167  13:08  Hydralisk Den  
  167  13:09  Zerg Missile Weapons Level 2  
  153  13:20  Zergling x26  
  153  13:26  Baneling x6  
  158  13:33  Zergling x12  
  162  13:42  Zergling x16  
  162  13:48  Baneling x2  
  170  13:55  Grooved Spines, Hydralisk x7  
  179  14:04  Spore Crawler  
  176  14:15  Baneling x6  
  176  14:16  Zergling x30  
  167  14:28  Hatchery  
  167  14:31  Zergling x32  
  153  14:41  Zergling x6  
  155  14:49  Hatchery  
  155  14:52  Drone  
  155  14:57  Viper x2  
  160  15:05  Zergling x14  
  159  15:24  Zergling x22  
  159  15:26  Zergling x2  
  128  15:37  Zergling x12  
  129  15:44  Hatchery  
  129  15:46  Hydralisk x2  
  132  15:55  Hydralisk x3  
  136  15:58  Baneling x3  
  136  15:59  Baneling  
  135  16:05  Zergling x10  
  140  16:13  Infestor x3  
  146  16:23  Zergling x14  
  129  16:41  Zergling x20  
  127  16:50  Zergling x4  
Tags
 
Add a new tag
Caveats
  • Supply blocks, unpowered buildings, or Contaminate may cause inaccurate times.
  • Supply counts are checked every 10 seconds.